 Dungeon Crawl Stone Soup version 0.21.1 (webtiles) character file.

249 Wehk the Sneak (level 6, 38/39 HPs)
             Began as a Halfling Assassin on Feb 4, 2018.
             Quit the game on level 4 of the Dungeon.
             The game lasted 00:10:27 (3045 turns).

Wehk the Sneak (Halfling Assassin)                  Turns: 3045, Time: 00:10:28

Health: 38/39      AC:  2    Str: 12    XL:     6   Next: 35%
Magic:  6/6        EV: 17    Int: 10    God:
Gold:   89         SH:  0    Dex: 17    Spells: 5/5 levels left

rFire    . . .     SeeInvis .   w - +2 dagger
rCold    . . .     Gourm    .   (shield restricted)
rNeg     . . .     Faith    .   c - +0 robe
rPois    .         Spirit   +   (no helmet)
rElec    .         Reflect  .   n - scarf {Spirit}
rCorr    .         Harm     .   (no gloves)
MR       .....                  (no boots)
Stlth    +++.......             (no amulet)
HPRegen  0.13/turn              (no ring)
MPRegen  0.10/turn              (no ring)

@: no status effects
A: small, mutation resistance 1
a: no special abilities


You were on level 4 of the Dungeon.
You were not hungry.

You visited 1 branch of the dungeon, and saw 4 of its levels.

You collected 89 gold pieces.

Inventory:

Hand Weapons
 e - a +0 blowgun
 q - a +0 hunting sling
 w - a +2 dagger (weapon)
Missiles
 b - 7 poisoned needles
 i - 50 sling bullets
 X - 2 curare-tipped needles
Armour
 c - a +0 robe (worn)
 d - a +0 cloak
 n - a scarf of spirit shield (worn)
Scrolls
 a - 2 scrolls of blinking
 j - 2 scrolls of remove curse {unknown}
 k - a scroll of identify {unknown}
 l - a scroll of teleportation {unknown}
 m - a scroll of amnesia {unknown}
 o - a scroll of magic mapping {unknown}
Potions
 h - 2 potions of heal wounds {unknown}
 r - a potion of berserk rage {unknown}
Comestibles
 f - 2 chunks of flesh
 g - 6 rations


   Skills:
 - Level 2.0 Fighting
 - Level 3.1 Short Blades
 + Level 3.2 Throwing
 - Level 4.0 Dodging
 - Level 6.0 Stealth


You had 5 spell levels left.
You didn't know any spells.

Dungeon Overview and Level Annotations

Branches:
Dungeon (4/15)
 Temple: D:4-7

Altars:
Makhleb
Wu Jian

Shops:
D:4 :*

Annotations:
D:3 exclusion: downstairs
D:4 1 exclusion, shakethe's ghost, amateur TrMo


Innate Abilities, Weirdness & Mutations

You are small and have problems with some larger weapons.
You are somewhat resistant to further mutation.


Message History

You kill the jackal!
No target in view!
Firing (i - inventory):
i - 51 sling bullets (quivered)
Press: ? - help, Shift-Dir - straight line, f - jackal
Aim: a jackal You shoot a sling bullet.
The sling bullet barely misses the jackal.
Wield which item (- for none, * to show all)? (? for menu, Esc to quit)
w - a +2 dagger (weapon)
The jackal bites you.
You closely miss the jackal. The jackal misses you.
You hit the jackal.
You kill the jackal!
You see here a jackal corpse.
You butcher the jackal corpse.
f - 2 chunks of flesh
Found a robe.
Unknown command.
Unknown command.
Are you sure you want to abandon this character and quit the game? (Confirm with "yes".)

#....[......
#..........###
#......(...∩.##
...(.(.........
#............
.####..........
.#...#......# ... ...
#@###### .# ...##.#
#.#....# ...
#.#..###.#....#
##..####.............#
.#.........#..#.......#
............>^...#....#
#...........#.####....#
#..........).# #....#
#..........#.# #....#


There were no monsters in sight!

Vanquished Creatures
  Blork the orc (D:4)
  A scorpion (D:3)
  A hound (D:3)
  A worker ant (D:4)
  2 adders (D:2)
  A worm (D:2)
  A dart slug (D:2)
  A leopard gecko (D:1)
  An orc (D:3)
  2 giant cockroaches
  4 goblins
  11 hobgoblins
  4 jackals
  3 quokkas
  A ball python skeleton (D:2)
  4 bats
  10 frilled lizards
  9 kobolds
  9 rats
67 creatures vanquished.

Notes
Turn   | Place    | Note
-------+----------+-------------------------------------------
     0 | D:1      | Wehk the Halfling Assassin began the quest for the Orb.
     0 | D:1      | Reached XP level 1. HP: 14/14 MP: 1/1
   246 | D:1      | Reached XP level 2. HP: 7/19 MP: 2/2
  1015 | D:2      | Reached XP level 3. HP: 24/24 MP: 3/3
  1893 | D:2      | Reached XP level 4. HP: 29/29 MP: 4/4
  1973 | D:2      | Found an ornate altar of the Wu Jian Council.
  2177 | D:3      | Reached skill level 5 in Stealth
  2177 | D:3      | Reached XP level 5. HP: 34/34 MP: 5/5
  2437 | D:3      | Reached skill level 6 in Stealth
  2734 | D:3      | Found a burning altar of Makhleb.
  2935 | D:4      | Found Pustinum's Book Shop.
  2935 | D:4      | Noticed shakethe's ghost (amateur TrMo)
  2992 | D:4      | Noticed Blork the orc
  3006 | D:4      | Killed Blork the orc
  3006 | D:4      | Reached XP level 6. HP: 39/39 MP: 6/6
  3032 | D:4      | Found Haheteo's Assorted Antiques.
  3045 | D:4      | Quit the game

Skill      XL: |  1  2  3  4  5 |
---------------+----------------+-----
Fighting       | 2 |  2.0
Short Blades   | 3 |  3.1
Throwing       | 3 |  3.2
Stealth        | 5 6 |  6.0
Dodging        | 4 |  4.0

Action                   |  1- 3 |  4- 6 || total
-------------------------+-------+-------++-------
Melee: Dagger            |    84 |    60 ||   144
 Fire: Blowgun           |    29 |    22 ||    51
       Hunting sling     |     4 |    26 ||    30
  Use: Scroll            |       |     1 ||     1
 Stab: Sleeping          |     6 |     5 ||    11
  Eat: Chunk             |     2 |     5 ||     7
Armor: Robe              |    12 |     6 ||    18
Dodge: Dodged            |    45 |    50 ||    95
